[Event "*** Titled Tuesday Blitz AM"]
[Site "Chess.com"]
[Date "2020.01.07"]
[Round "5"]
[White "Sven_Tica"]
[Black "GMBenjaminBok"]
[Result "0-1"]
[WhiteElo "2654"]
[BlackElo "2877"]
[TimeControl "180+2"]
[EndTime "10:07:47 PST"]
[Termination "GMBenjaminBok won by resignation"]

1. d4 Nf6 2. c4 e6 3. g3 d5 4. Bg2 dxc4 5. Nf3 c6 6. Ne5 Bb4+ 7. Bd2 Be7 8. e3 b5 9. a4 b4 10. O-O O-O 11. Nxc4 Bb7 12. Ne5 Qc8 13. Qb3 c5 14. dxc5 Bxg2 15. Kxg2 Qxc5 16. Nd3 Qb6 17. a5 Qb7+ 18.
f3 Na6 19. Rc1 Rfd8 20. Rc4 Rd5 21. e4 Rd7 22. Ne5 Rc7 23. Bf4 Rxc4 24. Nxc4 Nc5 25.
Qe3 Rd8 26. Nbd2 h6 27. Qe2 Nd3 28. Be3 Rd7 29. b3 g5 30. a6 Qc8 31. Ra5 Qd8 32. Rb5 Nc1 33. Qf1 Na2 34. Rb7 Nc3 35. Bxa7 Rxd2+ 36. Nxd2 Qxd2+ 37. Bf2 Bc5 38. a7 Bxa7 39.
Rxa7 g4 40. Ra8+ Kh7 41. Qe1 gxf3+ 42. Kxf3 Qd3+ 43. Qe3 Qf1 44. Qe1 Qh3 45. e5 Nfe4 46. Ra7 Kg6 47. Ra8 Qxh2 48. Rg8+ Kh7 49. Rg4 Ng5+ 50. Ke3 Qh5 51. Rf4 Nd5+ 52. Kd3 Nxf4+ 53. gxf4 Nh3 54. Qe4+ Kg7 55. Bc5 Qd1+ 56. Kc4 Qc1+ 57.
Kxb4 Nxf4 58. Be3 Qxe3 59. Qxe3 Nd5+ 60. Kc5 Nxe3 61. b4 Nd5 62. b5 h5 0-1

[Event "*** Titled Tuesday Blitz AM"]
[Site "Chess.com"]
[Date "2020.01.07"]
[Round "5"]
[White "AleksanderHnydiuk"]
[Black "EugeneRougon"]
[Result "0-1"]
[WhiteElo "2423"]
[BlackElo "2730"]
[TimeControl "180+2"]
[EndTime "10:07:49 PST"]
[Termination "EugeneRougon won by resignation"]

1. Nf3 d5 2. d4 Nf6 3. c4 c6 4.
Qc2 dxc4 5. Qxc4 Bf5 6. g3 e6 7.
Bg2 Be7 8. O-O O-O 9. Nc3 Nbd7 10. e3 Rc8 11. Rd1 b5 12. Qe2 b4 13. Na4 Qa5 14.
b3 Qb5 15. Bf1 Qxe2 16. Bxe2 c5 17. Bb2 Ne4 18. Rac1 Nb6 19. Nxc5 Nxc5 20. dxc5 Rxc5 21. Nd4 Be4 22. Nb5 a6 23. Nd6 Rxc1 24. Bxc1 Bd5 25. Nc4 Nxc4 26. bxc4 Bc6 27. Bb2 f6 28. c5 a5 29. a3 Rb8 30. axb4 axb4 31. Ra1 Ra8 32. Rxa8+ Bxa8 33. Bc4 Kf7 34. Bd4 Bd5 35. Bxd5 exd5 36. Kf1 Ke6 37. Ke2 Kd7 38. Kd3 Kc6 39. Kc2 Bxc5 40.
Bb2 h5 41. Kb3 Kb5 42. h3 Bd6 43. g4 hxg4 44. hxg4 Be5 45. Bc1 Bc3 46. f3 Kc5 47.
f4 d4 48. exd4+ Kxd4 49. f5 Ke4 50. g5 fxg5 51. Bxg5 Kxf5 52. Be7 g5 53. Kc4 g4 54. Bd6 Ke4 55. Bc7 Kf3 0-1

[Event "*** Titled Tuesday Blitz AM"]
[Site "Chess.com"]
[Date "2020.01.07"]
[Round "5"]
[White "adriangschnitzer"]
[Black "Alexander_Moskalenko"]
[Result "0-1"]
[WhiteElo "2545"]
[BlackElo "2786"]
[TimeControl "180+2"]
[EndTime "10:07:54 PST"]
[Termination "Alexander_Moskalenko won by resignation"]

1. c4 e5 2. Nc3 f5 3. Nf3 Nc6 4. g3 Nf6 5. d4 e4 6. Nh4 d6 7. Bg5 Be7 8. e3 Ng4 9. Bxe7 Qxe7 10. Ng2 O-O 11. Nf4 Nd8 12. h4 c6 13. Be2 Nf6 14. d5 c5 15. h5 Nf7 16. a4 Ne5 17. a5 Bd7 18. Qc2 g5 19. hxg6 hxg6 20. O-O-O Kg7 21.
g4 Nexg4 22. Bxg4 Nxg4 23. Rdg1 Rh8 24. Rxh8 Rxh8 25. Rxg4 fxg4 26. Nxe4 Rh1+ 27. Kd2 Bf5 28. Ne6+ Bxe6 29. dxe6 Qxe6 30. Ng3 Rh2 31. Ke1 Qe5 32. Qb3 Qe7 33. Qc3+ Qf6 34. Qd2 Rg2 35. Qc2 Rg1+ 36. Ke2 Qf3+ 37. Kd3 Qd1+ 38. Qxd1 Rxd1+ 39. Ke4 Kf6 40. Kf4 Ke6 41. Kxg4 Rd2 42. f4 Rxb2 43. Ne4 b6 44. a6 Ra2 45. Kg5 Rg2+ 46. Kh6 d5 47. Ng5+ Rxg5 48. Kxg5 Kf7 49. cxd5 c4 50. f5 gxf5 51.
e4 fxe4 52. Kf4 c3 53. Ke3 Ke7 54. Kxe4 c2 55. Kd3 c1=Q 0-1

[Event "*** Titled Tuesday Blitz AM"]
[Site "Chess.com"]
[Date "2020.01.07"]
[Round "5"]
[White "ChessQueen"]
[Black "OneTrickPony_82"]
[Result "1-0"]
[WhiteElo "2663"]
[BlackElo "2434"]
[TimeControl "180+2"]
[EndTime "10:07:54 PST"]
[Termination "ChessQueen won by resignation"]

1. Nf3 Nf6 2. g3 d5 3. Bg2 c5 4. d4 cxd4 5. Nxd4 e5 6. Nb3 Be6 7. O-O Be7 8. Nc3 O-O 9. Bg5 Nbd7 10. e3 h6 11. Bxf6 Nxf6 12. h3 Qc8 13. Kh2 Rd8 14.
f4 d4 15. exd4 exd4 16. Ne2 Bc4 17. Rf2 d3 18. cxd3 Rxd3 19. Qc2 Ba6 20. Rc1 Qd7 21. Nc3 Rd8 22. Ne4 Nxe4 23. Bxe4 Rd6 24. Nc5 Qb5 25.
Nxa6 bxa6 26. a3 Bf6 27. b4 Qb6 28. Re2 h5 29. h4 a5 30. Qc5 Qxc5 31. bxc5 Rd2 32.
Rxd2 Rxd2+ 33. Kh3 Bd8 34. c6 Bc7 35. Rc5 Re2 36.
Bf3 Re7 37. Rxh5 g6 38. Rd5 Kf8 39. a4 Re3 40. Kg2 Re7 41. h5 gxh5 42. Rxh5 Kg7 43. Rd5 Bb6 44. Rd1 Kf6 45. g4 Bc7 46. Kg3 Ke6 47.
g5 Kf5 48. Rd5+ Kg6 49. Kg4 Kg7 50. f5 Re1 51. Rd7 Rg1+ 52. Kh4 Rh1+ 53. Bxh1 1-0

[Event "*** Titled Tuesday Blitz AM"]
[Site "Chess.com"]
[Date "2020.01.07"]
[Round "5"]
[White "bascheyaro"]
[Black "viditchess"]
[Result "1-0"]
[WhiteElo "2709"]
[BlackElo "2964"]
[TimeControl "180+2"]
[EndTime "10:07:59 PST"]
[Termination "bascheyaro won by resignation"]

1. d4 Nf6 2. c4 e6 3. Nf3 d5 4. Nc3 Nbd7 5. Bg5 h6 6. Bxf6 Nxf6 7. e3 Be7 8. Bd3 O-O 9. O-O b6 10. cxd5 exd5 11. Ne5 Bb7 12. Rc1 c5 13. Qf3 Rc8 14.
Rfd1 Bd6 15. Bf5 Rb8 16. Qh3 a6 17. Ng4 c4 18. Ne5 b5 19. f4 Qe7 20. a3 Rfe8 21. Rf1 Ra8 22. Rf3 Bc8 23. Bxc8 Raxc8 24. Rg3 Kh8 25.
Qf5 Rc7 26. Rf1 Qe6 27. Qc2 Rb7 28. Rgf3 a5 29. e4 dxe4 30. Nxe4 Nxe4 31. Qxe4 Rc7 32. f5 Qc8 33. f6 g6 34. Rh3 Bf8 35. Qf4 Kh7 36. Ng4 h5 37. Ne5 Bh6 38. Qe4 Re6 39.
Rxh5 Qf8 40. Rh3 b4 41. axb4 axb4 42. Rf4 c3 43. Rfh4 Rxf6 44. bxc3 Ra7 45. Rxh6+ Qxh6 46. Rxh6+ Kg7 47. Nf3 Kxh6 48. cxb4 Kg7 49. h4 Ra4 50. d5 Ra2 51. Qd4 Re2 52. d6 Re6 53. d7 Rd6 54.
d8=Q 1-0

[Event "*** Titled Tuesday Blitz AM"]
[Site "Chess.com"]
[Date "2020.01.07"]
[Round "5"]
[White "bluejay1897"]
[Black "arminmusovic"]
[Result "1-0"]
[WhiteElo "2377"]
[BlackElo "2495"]
[TimeControl "180+2"]
[EndTime "10:07:59 PST"]
[Termination "bluejay1897 won by resignation"]

1. Nf3 a6 2. g3 e6 3. Bg2 d5 4. O-O Nf6 5. b3 Be7 6. Bb2 O-O 7. c4 c5 8. cxd5 exd5 9. d4 Nc6 10. Nc3 Re8 11.
Rc1 cxd4 12. Nxd4 Bg4 13. h3 Bh5 14. Nxc6 bxc6 15. Na4 Bd6 16. g4 Nxg4 17. hxg4 Qh4 18. f4 Bxg4 19. Rc2 Re6 20. Qd4 Rg6 21. Rf2 Re8 22.
Rxc6 Bf8 23. Rxg6 hxg6 24. Nc3 Rc8 25. Nxd5 Rc2 26. e4 Rc8 27. b4 Be6 28. a3 Qg3 29.
Ne7+ Kh7 30. Nxc8 Bxc8 31. Rf3 Qe1+ 32. Bf1 Bg4 33. Rf2 Qb1 34. Kg2 a5 35. Be2 Bxe2 36.
Rxe2 axb4 37. axb4 Qa2 38. Bc3 Qe6 39. Kf2 Qh3 40.
Qe3 Qh1 41. Qg3 Kg8 42. f5 gxf5 43. exf5 Qd5 44. f6 g6 45. Qe5 Qd7 46. Rd2 Qh3 47. Rd8 Qh4+ 48. Ke2 Qg4+ 49. Kd2 Qg2+ 50. Kd3 Qf1+ 51.
Kc2 Qg2+ 52. Kb3 Kh7 53. Rxf8 Qh1 54. Rh8+ Kxh8 55. Qe8+ Kh7 56. Qxf7+ Kh6 57. Bd2+ g5 58. Qg7+ 1-0

[Event "*** Titled Tuesday Blitz AM"]
[Site "Chess.com"]
[Date "2020.01.07"]
[Round "5"]
[White "rasmussvane"]
[Black "nihalsarin"]
[Result "1/2-1/2"]
[WhiteElo "2869"]
[BlackElo "3063"]
[TimeControl "180+2"]
[EndTime "10:08:01 PST"]
[Termination "Game drawn - insufficient material"]

1. Nf3 Nf6 2. g3 b6 3. Bg2 Bb7 4. O-O e6 5. d4 Be7 6. c4 O-O 7.
Re1 Na6 8. a3 c5 9. d5 exd5 10.
Nh4 Nc7 11. Nc3 Ne4 12. Nxd5 Nxd5 13. cxd5 Bxh4 14. Bxe4 Bf6 15. Qc2 g6 16. Bd2 Re8 17. Bc3 d6 18. Bg2 Kg7 19. e4 Bxc3 20. bxc3 Qf6 21.
Re3 Re7 22. Rae1 Rae8 23. f4 Ba6 24. Rf3 Bc4 25. e5 Qf5 26. Qxf5 gxf5 27. Rfe3 Rd8 28. Rd1 Rde8 29. Rde1 Rd8 30. Kf2 dxe5 31. Rxe5 Red7 32. Rd1 Kg6 33. Bh3 Rxd5 34. Bxf5+ Kg7 35. Rdxd5 Rxd5 36. Rxd5 Bxd5 37. g4 h6 38. h4 Kf6 39. Bd3 Bc6 40.
g5+ Kg7 41. Ke3 b5 42. Be4 Bxe4 43. Kxe4 a5 44. f5 b4 45. cxb4 cxb4 46. axb4 axb4 47. Kd4 hxg5 48. hxg5 Kf8 49. Kc4 Ke7 50. Kxb4 Kd6 51. Kc4 Ke5 52. g6 fxg6 53. fxg6 Kf6 54. g7 Kxg7 1/2-1/2

[Event "*** Titled Tuesday Blitz AM"]
[Site "Chess.com"]
[Date "2020.01.07"]
[Round "5"]
[White "IMUltimateBeast"]
[Black "petrpalachev"]
[Result "1/2-1/2"]
[WhiteElo "2609"]
[BlackElo "2814"]
[TimeControl "180+2"]
[EndTime "10:08:02 PST"]
[Termination "Game drawn by agreement"]

1. d4 d5 2. Bf4 Nf6 3. e3 c5 4. c3 Nc6 5. Nd2 Bf5 6. Ngf3 e6 7. Nh4 Bg4 8. Qb3 Qc8 9. h3 Bh5 10. g4 Bg6 11. Nxg6 hxg6 12. Bg2 Be7 13. O-O O-O 14. Bg3 Nd7 15. f4 c4 16. Qc2 f5 17. Nf3 b5 18. Bh4 Bf6 19. Bxf6 gxf6 20. Qf2 Kg7 21.
Qg3 Ne7 22. h4 fxg4 23. Qxg4 f5 24. Qg5 Nf6 25. Ne5 Rh8 26. Bf3 Rh6 27. Kf2 Nc6 28. Rh1 Nxe5 29. dxe5 Ng8 30. h5 Qd8 31. Qg3 Rb8 32.
a3 a5 33. hxg6 Qe7 34. Rxh6 Nxh6 35. Rh1 b4 36. axb4 axb4 37. Be2 bxc3 38. bxc3 Rh8 39. Rh5 Qd8 40. Kf1 Qe7 41. Qh3 Qd8 42. Bf3 Qe7 43. Kg2 Qd8 44. Kf2 Qe7 45. Qg3 Qd8 46.
Kg2 Qe7 47. Kf2 Rb8 48. Be2 Rh8 49. Kg2 Qd8 50. Qh3 Qe7 51. Qg3 Qd8 52. Kf2 1/2-1/2

[Event "*** Titled Tuesday Blitz AM"]
[Site "Chess.com"]
[Date "2020.01.07"]
[Round "5"]
[White "Supernotar"]
[Black "Gabrielian_Artur"]
[Result "0-1"]
[WhiteElo "2591"]
[BlackElo "2819"]
[TimeControl "180+2"]
[EndTime "10:08:02 PST"]
[Termination "Gabrielian_Artur won by resignation"]

1. d4 Nf6 2. c4 e6 3. Nf3 Bb4+ 4. Nbd2 b6 5. g3 Bb7 6. Bg2 c5 7. O-O cxd4 8. Nxd4 Bxg2 9. Kxg2 O-O 10. a3 Be7 11.
N2f3 d5 12. cxd5 Qxd5 13. b4 Nc6 14. Nxc6 Qxc6 15. Bb2 Rfd8 16. Qb3 Qe4 17. Rfe1 Rac8 18. Rac1 b5 19. Kf1 Ng4 20. h3 Nf6 21. Rxc8 Rxc8 22. Rc1 Rxc1+ 23. Bxc1 Nd5 24. Bd2 a6 25. Qd1 h6 26.
Qc1 Qc4 27. Qxc4 bxc4 28. Ne5 c3 29. Bc1 Kf8 30. e4 Nf6 31. f3 Bd6 32. Nd3 Bxg3 33.
Nc5 Nh5 34. Ke2 Bf4 35. Kd1 Bxc1 36. Kxc1 Nf4 37. h4 g5 38. hxg5 h5 39. Nxa6 h4 40. b5 h3 41. b6 h2 42. b7 h1=Q+ 43. Kc2 Qg2+ 44. Kxc3 Qxf3+ 45. Kd4 e5+ 46. Kxe5 Ng6+ 47. Kd4 Qf2+ 48. Kc3 Qe1+ 49. Kc2 Qxe4+ 0-1

[Event "*** Titled Tuesday Blitz AM"]
[Site "Chess.com"]
[Date "2020.01.07"]
[Round "5"]
[White "boo786"]
[Black "farzadbfd"]
[Result "0-1"]
[WhiteElo "2418"]
[BlackElo "2610"]
[TimeControl "180+2"]
[EndTime "10:08:04 PST"]
[Termination "farzadbfd won on time"]

1. Nf3 Nf6 2. c4 e6 3. Nc3 d5 4.
d4 Bb4 5. Qa4+ Nc6 6. e3 O-O 7. Qc2 Ne7 8. Bd3 dxc4 9. Bxc4 a6 10. O-O b5 11. Bd3 Bb7 12. Ng5 h6 13. Nh7 Nxh7 14.
Bxh7+ Kh8 15. Be4 Bxe4 16. Nxe4 c6 17. a3 Bd6 18. Bd2 a5 19. Rac1 Bb8 20. Rfd1 Qc7 21. g3 Ba7 22. Nc5 a4 23. e4 Bb6 24. Bb4 Rfd8 25.
Qc3 Kg8 26. Kg2 Rac8 27. Na6 Qa7 28. Bxe7 Qxe7 29. Nb4 c5 30. dxc5 Rxd1 31. Rxd1 Rxc5 32. Qd4 Kh7 33. Qd6 Qb7 34. f3 Rc8 35. Qd7 Qxd7 36.
Rxd7 Rc7 37. Rxc7 Bxc7 38. f4 Bb6 39. Nc6 Be3 40. Kf3 Bc1 41. Nd4 Bxb2 42. Nxb5 g5 43. fxg5 hxg5 44. Ke3 Kg6 45. g4 f5 46. exf5+ exf5 47. h3 f4+ 48. Ke4 Kf6 49. h4 gxh4 50. Kxf4 Be5+ 51. Kf3 h3 52. Na7 Kg5 53. Nb5 h2 54. Kg2 Kxg4 0-1

[Event "*** Titled Tuesday Blitz AM"]
[Site "Chess.com"]
[Date "2020.01.07"]
[Round "5"]
[White "rquery98"]
[Black "Korchmar_Vasiliy"]
[Result "0-1"]
[WhiteElo "2537"]
[BlackElo "2766"]
[TimeControl "180+2"]
[EndTime "10:08:10 PST"]
[Termination "Korchmar_Vasiliy won by resignation"]

1. e4 c5 2. Nf3 d6 3. Bb5+ Bd7 4. Bxd7+ Qxd7 5. O-O Nc6 6. Re1 Nf6 7. c3 e6 8. d4 cxd4 9. cxd4 d5 10. e5 Ng8 11.
Nc3 Nge7 12. a3 Nc8 13. Be3 Nb6 14. Nd2 Be7 15. Rc1 O-O 16. Qg4 f5 17. exf6 Bxf6 18. Nf3 Nc4 19. b3 Nd6 20. Nxd5 Nf5 21. Nf4 Nfxd4 22. Nxd4 Nxd4 23. Rcd1 Rad8 24. Nh5 e5 25. Nxf6+ Rxf6 26. Qe4 Rd6 27. Kh1 Nc6 28. Qc4+ Kh8 29. Rxd6 Qxd6 30. Qf7 Qd7 31. Qxd7 Rxd7 32. Rb1 Rd3 33.
Kg1 Kg8 34. Kf1 Nd4 35. Bxd4 exd4 36. Ke2 Rc3 37. Kd2 Kf7 38. a4 Kf6 39. b4 Ke5 40. Re1+ Kd6 41. Re4 Rc4 42. Kd3 Rxb4 43. Rxd4+ Rxd4+ 44. Kxd4 Kc6 45. Kc4 g5 46. h3 b6 47. Kb4 a6 48.
Kc4 b5+ 49. axb5+ axb5+ 50. Kb4 h5 51. h4 gxh4 52. f3 Kd5 53. Kxb5 Ke5 54. Kc4 Kf4 55. Kd4 Kg3 56. Ke5 Kxg2 57. f4 h3 58. f5 h2 59.
f6 h1=Q 60. f7 Qf1 61. Ke6 h4 62. Ke7 h3 63. f8=Q Qxf8+ 64. Kxf8 h2 0-1

[Event "*** Titled Tuesday Blitz AM"]
[Site "Chess.com"]
[Date "2020.01.07"]
[Round "5"]
[White "Evgeny81"]
[Black "Yaacovn"]
[Result "0-1"]
[WhiteElo "2512"]
[BlackElo "2812"]
[TimeControl "180+2"]
[EndTime "10:08:13 PST"]
[Termination "Yaacovn won by resignation"]

1. Nf3 Nf6 2. c4 b6 3. g3 Bb7 4. Bg2 c5 5. O-O g6 6. Nc3 Bg7 7. d4 Ne4 8. Qc2 Nxc3 9. bxc3 O-O 10. e4 d6 11. Bg5 h6 12. Bf4 Nc6 13. d5 Na5 14. Nd2 Ba6 15. Qd3 Qd7 16. a4 e5 17. Be3 f5 18. f4 exf4 19. Rxf4 Rae8 20. Raf1 Qxa4 21. exf5 g5 22. Rg4 Bc8 23. Bxg5 Bxf5 24.
Rxf5 Qd1+ 25. Bf1 Qxg4 26. Rxf8+ Kxf8 27. Bf4 Qd7 28. Ne4 Nb7 29. Qf3 Kg8 30. Nf2 Qf7 31. Bh3 Kh8 32. Be6 Qf6 33. Ne4 Qg6 34. h4 Rf8 35. h5 Qe8 36. Qg4 a5 37. Bxd6 Nxd6 38. Nxd6 Qe7 39. Nf5 Qf6 40. Qf3 a4 41. Qd3 a3 42.
Nh4 Qf2+ 43. Kh1 Qf1+ 44. Qxf1 Rxf1+ 45. Kg2 a2 46. Kxf1 a1=Q+ 47. Kg2 Qxc3 48. Kh3 Bf6 49. Ng6+ Kg7 50. d6 Qd3 51. d7 Bd8 52. Nf4 Qd6 53. Kg4 Bc7 54. Bf5 Kf7 55. Kf3 Qd1+ 56. Kf2 Bxf4 0-1

[Event "*** Titled Tuesday Blitz AM"]
[Site "Chess.com"]
[Date "2020.01.07"]
[Round "5"]
[White "mazetofonias"]
[Black "MITerryble"]
[Result "0-1"]
[WhiteElo "2691"]
[BlackElo "2943"]
[TimeControl "180+2"]
[EndTime "10:08:14 PST"]
[Termination "MITerryble won by resignation"]

1. d4 e6 2. e4 d5 3. Nc3 Nf6 4. Bg5 Bb4 5. e5 h6 6. Bd2 Bxc3 7. bxc3 Ne4 8. Qg4 g6 9. Bc1 c5 10. Bd3 Nxc3 11. dxc5 Qa5 12. Bd2 Qxc5 13. Nf3 Nc6 14. O-O Bd7 15. Qf4 O-O-O 16. Qxf7 g5 17. Qh5 Rdf8 18.
Qg4 Kb8 19. Kh1 Ka8 20. a4 Rfg8 21. Be3 Qb4 22. Qxb4 Nxb4 23. a5 Rc8 24. Nd4 Nxd3 25. cxd3 Nb5 26. Rfc1 Nxd4 27. Bxd4 Bb5 28. Kg1 Bxd3 29.
f3 h5 30. Kf2 Bf5 31. Ke3 g4 32. f4 h4 33. g3 h3 34. Kd2 Rc4 35. Rxc4 dxc4 36.
Kc3 Rc8 37. Ra4 Bd3 38. Rb4 Rc6 39. Rb5 Kb8 40. Rc5 Rxc5 41. Bxc5 a6 42. Bb6 Kc8 43. Kd4 Kd7 44. Bc5 Kc6 45. Bb4 Kb5 46. Bd2 b6 47. axb6 Kxb6 48. f5 exf5 49. e6 Kc6 50. Bb4 Bb1 51.
e7 Kd7 52. Kxc4 f4 53. Be1 f3 54. Kd4 Kxe7 55. Ke3 Bf5 56. Kf4 Be6 57. Ke5 Kd7 58.
Kf6 Kd6 59. Kg5 Ke5 60. Kg6 a5 61. Kg5 a4 0-1

[Event "*** Titled Tuesday Blitz AM"]
[Site "Chess.com"]
[Date "2020.01.07"]
[Round "5"]
[White "Hikaru"]
[Black "M1711"]
[Result "1/2-1/2"]
[WhiteElo "3150"]
[BlackElo "2535"]
[TimeControl "180+2"]
[EndTime "10:08:14 PST"]
[Termination "Game drawn by repetition"]

1. Nf3 c5 2. e4 e6 3. g3 Nc6 4. Bg2 Nf6 5. d3 e5 6. O-O Be7 7. Nh4 d6 8. Nf5 O-O 9. Nxe7+ Qxe7 10.
Nc3 h6 11. f4 Nd4 12. f5 b5 13.
g4 b4 14. Nb1 Nh7 15. c3 Nc6 16. Nd2 a5 17. Nf3 a4 18. a3 bxc3 19. bxc3 Na5 20. Be3 Nb3 21. Ra2 Bb7 22. Nd2 Nxd2 23. Rxd2 Rfd8 24.
c4 Bc6 25. Qe1 Rab8 26. h4 Rb3 27. Qg3 f6 28. Ra1 Rdb8 29. Bf3 Rb1+ 30. Rxb1 Rxb1+ 31. Kh2 Rb3 32. g5 fxg5 33. hxg5 Nxg5 34. Bh5 Rxa3 35. Rf2 Qf6 36. Bg6 Rb3 37. Rd2 a3 38. Qf2 Kf8 39. Kg2 Be8 40. Bxe8 Kxe8 41. Qe2 Qf7 42.
Bxg5 hxg5 43. Kg3 Qxc4 44. Kg4 Qc1 45. Qh2 Kd7 46. f6 gxf6 47. Kf5 Rb2 48. Qh7+ Kc6 49. Ke6 Qxd2 50. Qa7 Qb4 51. Qd7+ Kb6 52. Qd8+ Ka6 53. Qa8+ Kb5 54. Qe8+ Ka6 55. Qa8+ Kb6 56. Qb8+ Kc6 57. Qc8+ Kb5 58. Qe8+ Ka5 59. Qa8+ Kb6 60. Qb8+ Ka6 61. Qa8+ 1/2-1/2

[Event "*** Titled Tuesday Blitz AM"]
[Site "Chess.com"]
[Date "2020.01.07"]
[Round "5"]
[White "gmasterkiller"]
[Black "GMKrikor"]
[Result "0-1"]
[WhiteElo "2615"]
[BlackElo "2874"]
[TimeControl "180+2"]
[EndTime "10:08:15 PST"]
[Termination "GMKrikor won on time"]

1. e4 c5 2. Nf3 e6 3. c3 Nf6 4. e5 Nd5 5. Bc4 d6 6. O-O Nc6 7. d4 cxd4 8. cxd4 Be7 9. Nbd2 O-O 10.
Ne4 dxe5 11. dxe5 Nb6 12. Bb3 Qxd1 13. Rxd1 Bd7 14. Be3 Rfd8 15. Nd6 Bxd6 16. Rxd6 Be8 17. Rad1 Rxd6 18. exd6 Bd7 19. Ng5 Na5 20. Bc2 h6 21.
Ne4 Nac4 22. Bc1 Bc6 23. b3 Ne5 24. Bb2 Ned7 25. a4 Rc8 26. Bb1 Nd5 27. Rc1 b6 28.
Bd3 Nb4 29. Be2 f5 30. Nd2 Bb7 31. Bb5 Rxc1+ 32. Bxc1 Bc6 33. Bc4 Bd5 34. Bb5 Bc6 35.
Bc4 Kf7 36. Ba3 Nc2 37. Bb2 Nb4 38. Nf3 Bd5 39. Bb5 Bc6 40. Be2 Bd5 41. Nd4 Nc5 42. Bc3 Na2 43. Bd2 Nxb3 44. Bh5+ Kf8 45. Nxb3 Bxb3 46.
a5 Ba4 47. Be3 bxa5 48. Bxa7 Nb4 49. Bc5 Bd7 50. Bg6 Nc6 51. f3 Ne5 52. Bh5 g6 53. f4 Nd3 0-1

[Event "*** Titled Tuesday Blitz AM"]
[Site "Chess.com"]
[Date "2020.01.07"]
[Round "5"]
[White "Hydrargyrum_Girl"]
[Black "26andrej26"]
[Result "0-1"]
[WhiteElo "2196"]
[BlackElo "2515"]
[TimeControl "180+2"]
[EndTime "10:08:17 PST"]
[Termination "26andrej26 won by resignation"]

1. d4 Nf6 2. Nc3 c5 3. d5 g6 4. e4 d6 5. Be2 Bg7 6. Nf3 O-O 7. O-O e6 8. Nd2 exd5 9. exd5 Re8 10. Nc4 Ne4 11.
Nxe4 Rxe4 12. Bd3 Re8 13. Bf4 Bf8 14. a4 Qf6 15. Qd2 Nd7 16. Rfe1 Ne5 17. Bg5 Qg7 18. Nxe5 Rxe5 19. Rxe5 dxe5 20. Re1 h6 21. Bh4 f5 22. f3 Bd6 23. Bg3 Bd7 24. Qc3 Re8 25. a5 f4 26. Bf2 Rc8 27. Qb3 Be8 28. Bb5 Bf7 29. Bd7 Rc7 30. Be6 g5 31. Qb5 Kh7 32. Qd3+ Bg6 33. Bf5 Qf7 34. Be4 Bxe4 35. Qxe4+ Qg6 36.
Qc4 h5 37. g3 g4 38. fxg4 Qxg4 39. Qe4+ Kh8 40. Kh1 Rf7 41. Rg1 f3 42. Qxg4 hxg4 43. h3 Rh7 44. h4 Re7 45. Re1 e4 46. Kh2 Kh7 47. Be3 Kg6 48. c3 Kf5 49. c4 Rh7 50. Ra1 Rxh4+ 51. Kg1 Rh3 52. Bf4 Bxf4 53. gxf4 g3 54.
Rd1 e3 55. d6 e2 56. Rd5+ Kxf4 0-1

[Event "*** Titled Tuesday Blitz AM"]
[Site "Chess.com"]
[Date "2020.01.07"]
[Round "5"]
[White "Kirill_Klukin"]
[Black "Jabberwockiez"]
[Result "1-0"]
[WhiteElo "2703"]
[BlackElo "2287"]
[TimeControl "180+2"]
[EndTime "10:08:19 PST"]
[Termination "Kirill_Klukin won by resignation"]

1. Nf3 Nf6 2. d4 d5 3. c4 e6 4. Nc3 Be7 5. Bg5 O-O 6. e3 h6 7.
Bh4 Ne4 8. Bxe7 Qxe7 9. cxd5 Nxc3 10. bxc3 exd5 11. Be2 Bf5 12. O-O b6 13. c4 dxc4 14. Bxc4 c5 15. Bd5 Na6 16. Bxa8 Rxa8 17. Qa4 Nb4 18.
dxc5 bxc5 19. a3 Nd3 20. Nd2 Qg5 21. Qc6 Rd8 22. Nf3 Qg4 23. h3 Qh5 24. Rfd1 Rc8 25. Qd5 c4 26. Nd4 Bg6 27. Qxh5 Bxh5 28. Rd2 Ne5 29. Rc1 Bg6 30. f4 c3 31. Nf3 Nd3 32. Rcc2 Ne1 33. Nxe1 cxd2 34. Rxd2 Rc1 35. Kf2 Ra1 36. g4 f6 37. f5 Bf7 38. Rd3 Bc4 39. Rc3 Bd5 40. Rd3 Bc4 41. Rd4 Ra2+ 42. Kg3 Bf7 43.
Rd3 Bc4 44. Rc3 Bd5 45. Nf3 Re2 46. Rd3 Be4 47. Rc3 h5 48. Kf4 Bd5 49. Rd3 Bc4 50.
Rd4 Bf7 51. g5 Rf2 52. g6 Be8 53. Rd8 Kf8 54. Kg3 Re2 55. Kf4 Rf2 56. Rd6 Ke7 57. Ra6 Kd8 58. Ke4 Bc6+ 59. Rxc6 Kd7 60. Ra6 Rh2 61.
Nxh2 1-0

[Event "*** Titled Tuesday Blitz AM"]
[Site "Chess.com"]
[Date "2020.01.07"]
[Round "5"]
[White "VladDobrov"]
[Black "GeorgMeier"]
[Result "1-0"]
[WhiteElo "2844"]
[BlackElo "2959"]
[TimeControl "180+2"]
[EndTime "10:08:21 PST"]
[Termination "VladDobrov won by resignation"]

1. d4 e6 2. Nf3 Nf6 3. g3 d5 4. Bg2 b5 5. O-O Nbd7 6. a4 b4 7. c4 bxc3 8. Nxc3 Bb4 9. Ne5 Bb7 10. Nd3 Bd6 11. b4 a5 12. b5 c6 13. e4 Bb4 14.
Nxb4 axb4 15. Na2 dxe4 16. bxc6 Bxc6 17. Nxb4 Bb7 18. Ba3 O-O 19. Nd3 Re8 20. Nc5 Bd5 21. Qc2 Nxc5 22. Bxc5 Qa5 23. Rfb1 Rec8 24. h3 h6 25. Kh2 Bc6 26. Qe2 Qc3 27. Ra3 Qa5 28.
Bb6 Qf5 29. a5 e3 30. Rf1 Bxg2 31. Kxg2 exf2 32. Rxf2 Qd5+ 33. Qf3 Rc6 34. Bc5 Rc7 35. Bb6 Rc6 36. Re3 Ra6 37. g4 Rd6 38. Bc5 Rd7 39. Bb6 Qxf3+ 40. Rexf3 Nd5 41. Rb3 f6 42. Kf3 Kf7 43. Rc2 Rb7 44. Rcb2 g5 45. Ke4 Kg6 46. Kd3 h5 47. Kc4 Ra8 48. Kb5 Rc8 49. Ka6 Rd7 50. Kb5 Rb7 51. Ka6 Rd7 52. Bc5 Rc6+ 53. Kb5 Rc8 54. a6 Ra8 55. Ka5 e5 56. Rb7 Rxb7 57.
Rxb7 e4 58. Rd7 e3 59. Rxd5 e2 60. Bb4 Rc8 61. a7 Rc1 62. Ka6 Rb1 1-0

[Event "*** Titled Tuesday Blitz AM"]
[Site "Chess.com"]
[Date "2020.01.07"]
[Round "5"]
[White "2nd_life"]
[Black "KaydenTroffChess"]
[Result "0-1"]
[WhiteElo "2487"]
[BlackElo "2720"]
[TimeControl "180+2"]
[EndTime "10:08:21 PST"]
[Termination "KaydenTroffChess won by resignation"]

1. e4 c5 2. Nf3 g6 3. d4 cxd4 4. Qxd4 Nf6 5. Nc3 Nc6 6. Qa4 d6 7. e5 dxe5 8. Nxe5 Bd7 9. Nxd7 Nxd7 10. Bf4 Bg7 11. O-O-O Bxc3 12. bxc3 Qb6 13. Be3 Qc7 14. h4 h5 15. g4 hxg4 16. Qxg4 O-O-O 17. Qa4 Rh5 18. Qb3 e6 19. Be2 Ra5 20. h5 gxh5 21. Rxh5 Rxh5 22.
Bxh5 Nde5 23. f4 Rxd1+ 24. Bxd1 Ng6 25. Qa4 a6 26. Bh5 Qa5 27. Qxa5 Nxa5 28. Be2 Ne7 29. Bd4 Nd5 30. f5 exf5 31. Bd3 Ne7 32. Bc5 Nac6 33. Kd2 Kd7 34. Ke3 Nd5+ 35. Kd2 Ke6 36. a3 Ne5 37. Bf1 Nf6 38. Ke3 Kd5 39. Bd4 Ne4 40. Bg2 Nc4+ 41. Kf4 Nd6 42. Be5 Kc4 43. Bg7 Kb5 44. Bf8 Ka4 45. c4 Nxc4 46. Kxf5 Ne3+ 47. Kxe4 Nxg2 48. Bb4 Nh4 49. Ke5 Nf3+ 50. Kd5 f5 51.
c4 a5 52. Bd6 Nd2 53. c5 Kb3 54. Bf4 Nc4 55. Ke6 Nxa3 56. Kxf5 Nb5 57. Ke5 a4 58. Kd5 a3 59. Be5 Nc3+ 60. Kd6 a2 0-1

[Event "*** Titled Tuesday Blitz AM"]
[Site "Chess.com"]
[Date "2020.01.07"]
[Round "5"]
[White "Kriari"]
[Black "vlad10898"]
[Result "0-1"]
[WhiteElo "2904"]
[BlackElo "2716"]
[TimeControl "180+2"]
[EndTime "10:08:30 PST"]
[Termination "vlad10898 won by resignation"]

1. e4 c5 2. Nf3 d6 3. d4 cxd4 4.
Nxd4 Nf6 5. Nc3 a6 6. Bg5 Nbd7 7. Qe2 b5 8. g3 Bb7 9. Bg2 g6 10. O-O e5 11. Nb3 Be7 12. f4 h6 13. Bxf6 Nxf6 14.
Rad1 Qb6+ 15. Kh1 O-O 16. f5 Kg7 17. Nd5 Bxd5 18. exd5 Rac8 19. fxg6 fxg6 20. Nd4 exd4 21. Qxe7+ Rf7 22. Qe2 Qc5 23. Rf2 Re8 24. Qd2 Rfe7 25. Bf3 Ne4 26. Bxe4 Rxe4 27. Rdf1 Qxd5 28. Kg1 R8e7 29.
Qa5 h5 30. Qd8 Re8 31. Qf6+ Kh6 32. h4 Qe5 33. Kg2 Re3 34. Qf4+ Qxf4 35. Rxf4 d3 36. cxd3 Rxd3 37. R4f3 Re2+ 38. R1f2 Rdd2 39. Rxe2 Rxe2+ 40. Kh3 Rxb2 41. a3 Rd2 42. g4 hxg4+ 43. Kxg4 Rd4+ 44. Kg3 d5 45. Rf8 Rd3+ 46. Kg4 Rxa3 47. Rh8+ Kg7 48. Rd8 b4 49. Kg5 Rg3+ 50. Kf4 Rd3 51. Kg5 Rg3+ 52. Kf4 Rg2 53. Rxd5 b3 54. Rd7+ Kh6 55.
Kf3 b2 56. Rb7 Rc2 57. Kg4 a5 58. Rb6 Rc4+ 0-1